 Dungeon Crawl Stone Soup version 0.21-a0-625-g1119ec1 (webtiles) character file.

101 Klosterheim the Charmwright (level 5, -4/35 HPs)
             Began as a Halfling Skald on Dec 25, 2017.
             Slain by an iguana (13 damage)
             ... on level 2 of the Dungeon.
             The game lasted 00:04:50 (2462 turns).

Klosterheim the Charmwright (Halfling Skald)        Turns: 2462, Time: 00:04:51

Health: -4/35      AC:  3    Str: 12    XL:     5   Next: 4%
Magic:  5/7        EV: 14    Int: 12    God:
Gold:   149        SH:  0    Dex: 14    Spells: 2/7 levels left

rFire    . . .     SeeInvis .   a - +0 falchion
rCold    . . .     Gourm    .   (shield restricted)
rNeg     . . .     Faith    .   b - +0 leather armour
rPois    .         Spirit   .   (no helmet)
rElec    .         Reflect  .   (no cloak)
rCorr    .         Harm     .   (no gloves)
MR       .....                  (no boots)
Stlth    +.........             (no amulet)
HPRegen  0.11/turn              (no ring)
MPRegen  0.10/turn              (no ring)

@: no status effects
A: small, mutation resistance 1
a: no special abilities


You were on level 2 of the Dungeon.
You were near starving.

You visited 1 branch of the dungeon, and saw 3 of its levels.

You collected 149 gold pieces.

Inventory:

Hand Weapons
 a - a +0 falchion (weapon)
Armour
 b - a +0 leather armour (worn)
 h - a +0 scale mail
Jewellery
 k - an uncursed ring of magical power {unknown}
Scrolls
 e - a scroll of enchant weapon {unknown}
 i - 3 scrolls of remove curse {unknown}
 n - a scroll of fog {unknown}
 o - a scroll of blinking {unknown}
Potions
 f - 2 potions of curing {unknown}
 g - 2 potions of brilliance {unknown}
 j - 2 potions of haste {unknown}
 l - a potion of cancellation {unknown}
Books
 c - a book of Battle

   Spells                             Type                      Level
   a - Infusion                       Charms                       1
   b - Shroud of Golubria             Charms/Translocation         2
   c - Song of Slaying                Charms                       2
   d - Spectral Weapon                Hexes/Charms                 3
   e - Regeneration                   Charms/Necromancy            3
Comestibles
 d - 2 rations


   Skills:
 + Level 2.5 Fighting
 * Level 3.6 Long Blades
 - Level 1.1 Armour
 - Level 2.1 Dodging
 - Level 1.5 Spellcasting
 + Level 4.1 Charms


You had 2 spell levels left.
You knew the following spells:

 Your Spells              Type           Power        Failure   Level  Hunger
a - Infusion              Chrm           ##..         7%          1    ##.....
b - Song of Slaying       Chrm           ##......     10%         2    ###....
c - Shroud of Golubria    Chrm/Tloc      #.........   24%         2    ###....


Dungeon Overview and Level Annotations

Branches:
Dungeon (3/15)

Altars:


Innate Abilities, Weirdness & Mutations

You are small and have problems with some larger weapons.
You are somewhat resistant to further mutation.


Message History

The iguana is lightly wounded.
The iguana barely misses you.
You riposte.
You hit the iguana.
The iguana is lightly wounded.
You hit the iguana.
The iguana is moderately wounded.
The iguana bites you!
You hit the iguana.
The iguana is heavily wounded.
The iguana barely misses you.
You riposte.
You hit the iguana but do no damage.
The iguana is heavily wounded.
The iguana bites you but does no damage.
You hit the iguana.
The iguana is severely wounded.
The iguana bites you!
* * * LOW HITPOINT WARNING * * *
Casting: Infusion
Confirm with . or Enter, or press ? or * to list all spells.
Space distorts slightly along a thin shroud covering your body.
The iguana bites you!
You die...

......#...##...#
.#....#...##...#
.#.####...##...#
.#....#...##...#
....#)#...##...#
.##.#..........#
.##.#.....###..#
..(.......# #..####
.#........###...@l#
.######.(......####
.........#####.#
.######.## ###
.#### #.# ....# #.#
....# #.# ....###.#
........#


You could see an iguana.

Vanquished Creatures
  Terence (D:3)
  2 adders (D:2)
  A worm (D:2)
  A dart slug (D:2)
  9 bats
  3 giant cockroaches (D:1)
  11 goblins
  5 hobgoblins
  2 jackals (D:1)
  5 kobolds
  A quokka (D:2)
  A ball python (D:2)
  3 frilled lizards
  3 rats
48 creatures vanquished.

Notes
Turn   | Place    | Note
-------+----------+-------------------------------------------
     0 | D:1      | Klosterheim the Halfling Skald began the quest for the Orb.
     0 | D:1      | Reached XP level 1. HP: 14/14 MP: 3/3
   169 | D:1      | Reached XP level 2. HP: 19/19 MP: 4/4
   361 | D:1      | Reached XP level 3. HP: 17/24 MP: 5/5
   444 | D:1      | Learned a level 2 spell: Song of Slaying
  1110 | D:2      | Reached XP level 4. HP: 29/29 MP: 6/6
  1800 | D:2      | Reached skill level 4 in Charms
  2089 | D:3      | Noticed Terence
  2098 | D:2      | Learned a level 2 spell: Shroud of Golubria
  2124 | D:3      | Killed Terence
  2124 | D:3      | Reached XP level 5. HP: 11/35 MP: 0/7
  2462 | D:2      | Slain by an iguana

Vault maps used:
D:1:      dpeg_arrival_pits
D:3:      uniq_terence

Skill      XL: |  1  2  3  4 |
---------------+-------------+-----
Fighting       | 2 |  2.5
Long Blades    | 3 |  3.6
Charms         | 4 |  4.1
Armour         | |  1.1
Dodging        | |  2.1
Spellcasting   | |  1.5

Action                   |  1- 3 |  4- 6 || total
-------------------------+-------+-------++-------
Melee: Falchion          |    67 |    73 ||   140
 Cast: Infusion          |     5 |     4 ||     9
       Song of Slaying   |     1 |     1 ||     2
       Shroud of Golubri |       |     2 ||     2
  Eat: Chunk             |     1 |     3 ||     4
Armor: Leather armour    |    15 |    11 ||    26
       Scale mail        |       |    15 ||    15
Dodge: Dodged            |    79 |    69 ||   148
       Rpst.: Falchion   |    26 |    28 ||    54

Table legend:
 A = Spawn XP
 B = Non-spawn XP
 C = Spawn XP percentage of total XP
 D = Spawn monster count
 E = Non-spawn monster count
 F = Spawn count percentage of total count
 G = Total turns spent on level
                    A         B        C        D         E        F      G
               +---------+---------+-------+---------+---------+-------+---------
         Total |       0 |     145 |   0.0 |       0 |      48 |   0.0 |  2462
               +---------+---------+-------+---------+---------+-------+---------
           D:1 |       0 |      47 |   0.0 |       0 |      26 |   0.0 |   954
           D:2 |       0 |      62 |   0.0 |       0 |      21 |   0.0 |  1483
           D:3 |       0 |      36 |   0.0 |       0 |       1 |   0.0 |    25
               +---------+---------+-------+---------+---------+-------+---------
